 Dungeon Crawl Stone Soup version 0.25.1-11-g244df3a29b (webtiles) character file.

Game seed: 3979955278022685596

1639070 DeepDeath the Conqueror (level 27, 245/245 HPs)
             Began as a Hill Orc Monk on Jan 22, 2024.
             Was the Champion of Okawaru.
             Escaped with the Orb
             ... and 3 runes on Jan 24, 2024!
             The game lasted 07:24:49 (92406 turns).

DeepDeath the Conqueror (Hill Orc Monk)            Turns: 92406, Time: 07:24:50

Health: 245/245    AC: 42    Str: 24    XL:     27
Magic:  14/14      EV: 22    Int: 10    God:    Okawaru [******]
Gold:   2105       SH: 25    Dex: 16    Spells: 26/26 levels left

rFire    + + +     SeeInvis +   r - +8 spear "Tischirenn" {antimagic, rF+}
rCold    + + .     Gourm    .   J - +5 kite shield {reflect}
rNeg     + + .     Faith    .   T - +4 shadow dragon scales
rPois    +         Spirit   .   G - +0 helmet "Daefiraf" {rF++ Slay+2}
rElec    +         Reflect  +   Z - +2 cloak of the Blessed Realm {rPois}
rCorr    +         Harm     .   Y - +1 pair of gloves of Fashionability {rC++ rN+ MR- rCorr}
MR       ++++.                  N - +2 pair of boots {run}
Stlth    ++........             y - amulet "Vihano" {Reflect MR+ SH+5 Stlth+}
HPRegen  0.50/turn              i - ring of positive energy
MPRegen  0.14/turn              t - ring "Yfryam" {*Drain rElec MR++ MP+9 SInv}

@: quick
A: hooves 1, thin metallic scales 1, frail 1, evolution 1
0: Orb of Zot
}: 3/15 runes: decaying, serpentine, silver
a: Heroism, Finesse, Renounce Religion


You escaped.
You worshipped Okawaru.
Okawaru was exalted by your worship.
You were full.

You visited 11 branches of the dungeon, and saw 53 of its levels.
You visited the Abyss 2 times.
You visited 1 bazaar.
You also visited: Gauntlet, Ice Cave and Volcano.

You collected 12160 gold pieces.
You spent 10055 gold pieces at shops.

Inventory:

Hand Weapons
 a - a +4 antimagic war axe
 d - a +7 war axe of holy wrath
 e - a +3 broad axe of electrocution
 q - a +5 fustibalus of flaming
 r - the +8 spear "Tischirenn" (weapon) {antimagic, rF+}
   (You found it on level 1 of the Vaults)

   It reduces the magical energy of the wielder, and disrupts the spells and
   magical abilities of those hit.
   Natural abilities and divine invocations are not affected.
   It protects you from fire.
 w - a +9 broad axe of flaming
Missiles
 x - 248 sling bullets
 S - 47 silver javelins (quivered)
Armour
 G - the +0 helmet "Daefiraf" (worn) {rF++ Slay+2}
   (You found it on level 6 of the Dungeon)

   It affects your accuracy and damage with ranged weapons and melee attacks
   (+2).
   It greatly protects you from fire.
 J - a +5 kite shield of reflection (worn)
 N - a +2 pair of boots of running (worn)
 T - +4 shadow dragon scales (worn)
 Y - the +1 pair of gloves of Fashionability (worn) {rC++ rN+ MR- rCorr}
   (Okawaru gifted it to you on level 6 of the Lair of Beasts)

   It greatly protects you from cold.
   It protects you from negative energy.
   It affects your resistance to hostile enchantments.
   It provides partial protection from all sources of acid and corrosion.
 Z - the +2 cloak of the Blessed Realm (worn) {rPois}
   (You found it in a Gauntlet)

   It protects you from poison.
Jewellery
 i - a ring of positive energy (left hand)
 t - the ring "Yfryam" (right hand) {*Drain rElec MR++ MP+9 SInv}
   (You bought it in a shop on level 2 of the Orcish Mines)

   [ring of magical power]

   It insulates you from electricity.
   It affects your resistance to hostile enchantments.
   It affects your magic capacity (+9).
   It lets you see invisible.
   It causes draining when unequipped.
 y - the amulet "Vihano" (around neck) {Reflect MR+ SH+5 Stlth+}
   (You found it in a Gauntlet)

   [amulet of reflection]

   It shields you and reflects attacks.
   It affects your resistance to hostile enchantments.
   It affects your SH (+5).
   It makes you more stealthy.
Wands
 s - a wand of enslavement (21)
 D - a wand of clouds (2)
 H - a wand of acid (43)
 K - a wand of disintegration (51)
 R - a wand of digging (19)
 W - a wand of iceblast (42)
 X - a wand of paralysis (52)
Scrolls
 g - 4 scrolls of summoning
 j - a scroll of holy word
 v - 16 scrolls of blinking
 C - 10 scrolls of identify
 E - 11 scrolls of fear
 F - a scroll of silence
 I - 4 scrolls of magic mapping
 L - 20 scrolls of teleportation
 M - 11 scrolls of fog
 Q - 33 scrolls of remove curse
Potions
 b - 8 potions of heal wounds
 c - 15 potions of curing
 h - 6 potions of haste
 k - 7 potions of berserk rage
 l - 14 potions of flight
 m - 5 potions of cancellation
 n - 7 potions of mutation
 p - 2 potions of might
 u - 2 potions of resistance
 U - a potion of stabbing
 V - 2 potions of invisibility
Miscellaneous
 z - 7 boxes of beasts
 A - a lightning rod (4/4)
 B - 5 phantom mirrors
 P - a phial of floods
Comestibles
 f - 69 rations


   Skills:
 O Level 27 Fighting
 - Level 18.3(20.0) Axes
   Level 0.0(12.4) Maces & Flails
 - Level 12.4(16.7) Polearms
   Level 9.4(11.4) Staves
 - Level 13.8(16.0) Slings
 - Level 13.9(16.0) Throwing
 O Level 27 Armour
 + Level 20.2 Dodging
 - Level 8.0 Stealth
 - Level 16.0 Shields
 - Level 15.0 Invocations
 - Level 8.0 Evocations


You had 26 spell levels left.
You didn't know any spells.
Your spell library contained the following spells:

 Spells                   Type           Power        Failure   Level  Hunger
 Animate Skeleton         Necr           N/A          65%         1    ##.....
 Apportation              Tloc           #.....       65%         1    ##.....
 Beastly Appendage        Tmut           #.....       65%         1    ##.....
 Corona                   Hex            #......      65%         1    ##.....
 Foxfire                  Conj/Fire      #...         65%         1    ##.....
 Freeze                   Ice            #...         65%         1    ##.....
 Magic Dart               Conj           #...         65%         1    ##.....
 Pain                     Necr           #...         65%         1    ##.....
 Sandblast                Erth           #.....       65%         1    ##.....
 Sting                    Tmut/Pois      #...         65%         1    ##.....
 Summon Butterflies       Summ           #.......     65%         1    ##.....
 Summon Small Mammal      Summ           #...         65%         1    ##.....
 Blink                    Tloc           N/A          80%         2    ###....
 Call Imp                 Summ           #.......     80%         2    ###....
 Corpse Rot               Necr/Air       N/A          80%         2    ###....
 Ensorcelled Hibernation  Hex/Ice        #.....       80%         2    ###....
 Passwall                 Tmut/Erth      #.......     80%         2    ###....
 Poisonous Vapours        Pois/Air       #.....       80%         2    ###....
 Shroud of Golubria       Chrm/Tloc      #.....       80%         2    ###....
 Slow                     Hex            #.......     80%         2    ###....
 Sticks to Snakes         Tmut           #.......     80%         2    ###....
 Call Canine Familiar     Summ           #.......     95%         3    ####...
 Confusing Touch          Hex            #.......     95%         3    ####...
 Conjure Flame            Conj/Fire      #.......     95%         3    ####...
 Dazzling Flash           Conj/Hex       #.....       95%         3    ####...
 Frozen Ramparts          Ice            #.....       95%         3    ####...
 Gell's Gravitas          Tloc           #.........   95%         3    ####...
 Ignite Poison            Fire/Tmut/Pois #.......     95%         3    ####...
 Inner Flame              Hex/Fire       #.......     95%         3    ####...
 Mephitic Cloud           Conj/Pois/Air  #.......     95%         3    ####...
 Ozocubu's Armour         Chrm/Ice       #.......     95%         3    ####...
 Portal Projectile        Hex/Tloc       #.....       95%         3    ####...
 Recall                   Summ/Tloc      N/A          95%         3    ####...
 Spider Form              Tmut/Pois      #.........   95%         3    ####...
 Stone Arrow              Conj/Erth      #.....       95%         3    ####...
 Summon Guardian Golem    Hex/Summ       #.......     95%         3    ####...
 Tukima's Dance           Hex            #.......     95%         3    ####...
 Vampiric Draining        Necr           #.........   95%         3    ####...
 Animate Dead             Necr           N/A          100%        4    #####..
 Cause Fear               Hex            #.........   100%        4    #####..
 Hailstorm                Conj/Ice       #.......     100%        4    #####..
 Ice Form                 Ice/Tmut       #.......     100%        4    #####..
 Iskenderun's Mystic Bla  Conj/Tloc      #.......     100%        4    #####..
 Leda's Liquefaction      Hex/Erth       #.........   100%        4    #####..
 Olgreb's Toxic Radiance  Pois           #.......     100%        4    #####..
 Petrify                  Tmut/Erth      #.......     100%        4    #####..
 Sticky Flame             Conj/Fire      #.......     100%        4    #####..
 Summon Ice Beast         Ice/Summ       #.......     100%        4    #####..
 Summon Lightning Spire   Summ/Air       #.......     100%        4    #####..
 Agony                    Necr           #.......     100%        5    ######.
 Blade Hands              Tmut           #.........   100%        5    ######.
 Bolt of Magma            Conj/Fire/Erth #.........   100%        5    ######.
 Borgnjor's Vile Clutch   Necr/Erth      #.........   100%        5    ######.
 Excruciating Wounds      Chrm/Necr      #.........   100%        5    ######.
 Fireball                 Conj/Fire      #.........   100%        5    ######.
 Iskenderun's Battlesphe  Conj/Chrm      #.......     100%        5    ######.
 Lee's Rapid Deconstruct  Erth           #.........   100%        5    ######.
 Metabolic Englaciation   Hex/Ice        #.........   100%        5    ######.
 Silence                  Hex/Air        #.........   100%        5    ######.
 Summon Demon             Summ           #.........   100%        5    ######.
 Summon Forest            Summ/Tloc      #.........   100%        5    ######.
 Summon Mana Viper        Hex/Summ       #.......     100%        5    ######.
 Yara's Violent Unravell  Hex/Tmut       #.........   100%        5    ######.
 Conjure Ball Lightning   Conj/Air       #.........   100%        6    #######
 Death Channel            Necr           #.........   100%        6    #######
 Eringya's Noxious Bog    Tmut/Pois      #.........   100%        6    #######
 Freezing Cloud           Conj/Ice/Air   #.........   100%        6    #######
 Hydra Form               Tmut           #.........   100%        6    #######
 Invisibility             Hex            #.......     100%        6    #######
 Ozocubu's Refrigeration  Ice            #.........   100%        6    #######
 Simulacrum               Ice/Necr       #.........   100%        6    #######
 Starburst                Conj/Fire      #.........   100%        6    #######
 Malign Gateway           Summ/Tloc      #.........   100%        7    #######
 Monstrous Menagerie      Summ           #.........   100%        7    #######
 Ring of Flames           Chrm/Fire      #.........   100%        7    #######
 Summon Greater Demon     Summ           #.........   100%        7    #######
 Summon Hydra             Summ           #.........   100%        7    #######
 Discord                  Hex            #.........   100%        8    #######
 Summon Horrible Things   Summ           #.........   100%        8    #######
 Dragon's Call            Summ           #.........   100%        9    #######
 Tornado                  Air            #.........   100%        9    #######


Dungeon Overview and Level Annotations

Branches:
Dungeon (15/15)            Temple (1/1) D:6            Lair (6/6) D:8
  Swamp (4/4) Lair:3        Snake (4/4) Lair:4        Slime (0/5) Lair:6
    Orc (2/2) D:12            Elf (3/3) Orc:2        Vaults (5/5) D:14
  Crypt (3/3) Vaults:3       Tomb (0/3) Crypt:3      Depths (5/5) D:15
    Zot (5/5) Depths:5      IceCv (visited)         Volcano (visited)
Gauntlet (visited)

Altars:
Ashenzari
Cheibriados
Dithmenos
Elyvilon
Fedhas
Gozag
Hepliaklqana
Kikubaaqudgha
Makhleb
Nemelex Xobeh
Okawaru
Qazlal
Ru
Sif Muna
Trog
Uskayaw
Vehumet
Wu Jian
Xom
Yredelemnul
Zin
The Shining One
Beogh
Jiyva

Shops:
D:7 [   D:8 ?   D:14 :   Orc:2 !(?=   Elf:1 [*(!   Elf:3 ?   Snake:2 [**=
Snake:4 =   Vaults:1 }   Depths:2 ?([?

Portals:
Hell: Depths:1 Depths:2 Depths:3 Depths:4 Depths:5
Abyss: Swamp:3 Depths:2 Depths:4
Pandemonium: Depths:2 Depths:3
Ziggurat: Depths:5

Annotations:
Crypt:2 1 runed translucent door, yalue's ghost, adept MiFi


Innate Abilities, Weirdness & Mutations

You have large cloven feet.
You are partially covered in thin metallic scales. (AC +2)
You are frail. (-10% HP)
You evolve.


Message History

Where to? (* - list waypoints, Enter - D:1 @ (x,y), ? - help)
b - 8 potions of heal wounds (gained 1)
L - 20 scrolls of teleportation (gained 1)
Things that are here:
10 arrows; a +0 shortbow
There is a stone staircase leading up here.
You climb upwards.
There is a stone staircase leading down here.
You see here a +0 short sword.
Your extra speed is starting to run out.
You hear a grinding noise.
You hear a grinding noise.
You open the door.
You feel yourself slow down.
There is an open door here.
You hear a grinding noise.
A sixfirhy comes into view.
There is a staircase leading out of the dungeon here.
Unknown command.
You have escaped!

##..##...........3..#.)...#.....#
#..##...........2...............
##.##.##............#....#.#####
#..#.##.................#.#####
#..#.#######.##...##..........#
#..#.#######.##.............#.#
#..#.........#.#..............#
#..#######.###.#####...##.#.###
#....g.....+..@..'.............
####..##########.#######......###
#.....## #.............#.##.###
#......# ####.#####.####.##.#
.......## ##.#####.###..##.#
#.......# #.........##..##.#
#.....#.########.######..####
#.....#.#.'...........'..#
..........######.#######.#


You could see a cacodemon.

Vanquished Creatures
  4 orbs of fire
  Mara (Vaults:3)
  5 ancient liches
  Sojobo (Depths:5)
  Boris (twice) (Vaults:4 Crypt:3)
  A pandemonium lord (Depths:5)
  A shard shrike (Zot:2)
  10 Killer Klowns
  Margery (Depths:4)
  Bai Suzhen (Depths:1)
  Xtahua (Depths:4)
  A curse toe (Zot:5)
  Vashnia (Snake:4)
  A caustic shrike (Depths:4)
  2 profane servitors
  11 golden dragons
  A Brimstone Fiend (Depths:5)
  2 bone dragons
  5 electric golems
  4 liches
  A shard shrike skeleton (Crypt:2)
  An Ice Fiend (Depths:1)
  20 tentacled monstrosities
  4 hellephants (Zot:2)
  4 deep elf blademasters
  25 Orb Guardians
  6 quicksilver dragons
  2 deep elf master archers (Elf:3)
  11 titans
  3 ancient champions
  An Executioner (Swamp:3)
  11 death cobs
  A tentacled starspawn (Abyss:3)
  A thorn hunter (Swamp:1)
  5 sphinxes
  Donald (Swamp:4)
  7 draconian monks
  11 shadow dragons
  19 storm dragons
  8 nagarajas
  2 revenants
  13 tengu reavers
  11 draconian knights
  23 vault wardens
  21 fire giants
  3 daevas
  2 iron dragons
  7 deep elf sorcerers
  7 draconian shifters
  2 ghost moths
  16 frost giants
  5 ghouls
  Aizul (Snake:3)
  11 draconian scorchers
  8 deep elf elementalists
  A juggernaut zombie (Depths:4)
  2 angels (D:10)
  A cacodemon (Swamp:3)
  7 draconian stormcallers
  A curse skull (Vaults:3)
  2 spriggan defenders (Depths:3)
  6 draconian annihilators
  6 green draconians
  5 entropy weavers
  20 ironheart preservers
  A caustic shrike skeleton (Depths:4)
  2 war gargoyles (Vaults:5)
  11 deep elf demonologists
  10 black draconians
  The ghost of Amet the Severer, a journeyman MiBe of Trog (Swamp:3)
  3 vampire knights
  29 stone giants
  30 very ugly things
  Azrael (Snake:3)
  12 white draconians
  A minotaur (Gauntlet)
  10 deep elf annihilators
  2 minotaurs (shapeshifter) (Zot:2)
  11 purple draconians
  12 spark wasps
  17 red draconians
  14 yellow draconians
  22 ettins
  12 deep elf death magi
  2 merfolk javelineers (Depths:2)
  A spectral quicksilver dragon (Crypt:3)
  A death ooze (Gauntlet)
  A mummy priest (Crypt:1)
  2 green deaths (Snake:2)
  17 jiangshi
  16 great orbs of eyes
  5 deep elf high priests
  Josephine (D:14)
  19 fire dragons
  13 yaktaur captains
  18 hydras
  11 naga warriors
  3 hell beasts
  A ghost crab (Swamp:4)
  10 rakshasas
  30 vault guards
  8 ice dragons
  Erolcha (D:9)
  16 centaur warriors
  An ice dragon (shapeshifter) (Depths:3)
  7 death knights
  7 spriggan air magi
  3 shambling mangroves (Swamp:3)
  Erica (D:9)
  21 two-headed ogres
  2 catoblepae
  34 dancing weapons
  A two-headed ogre (shapeshifter) (Vaults:2)
  9 anacondas
  5 death yaks (Lair:6)
  16 ogre magi
  17 alligators
  9 deep troll earth magi
  8 deep troll shamans
  A hell hog (Swamp:3)
  5 thrashing horrors
  8 spriggan berserkers
  6 tengu warriors
  12 shock serpents
  9 vampire magi
  11 naga sharpshooters
  A storm dragon zombie (Crypt:3)
  2 soul eaters
  Nergalle (D:11)
  6 orc high priests
  44 skeletal warriors
  26 deep elf knights
  A fire crab (shapeshifter) (Depths:4)
  5 shadow wraiths
  5 iron trolls
  6 sixfirhies
  20 hell knights
  6 salamander mystics
  A titan skeleton (Abyss:2)
  3 wretched stars
  A shadow demon (Depths:5)
  2 spriggan druids
  2 spatial maelstroms
  A sea snake (shapeshifter) (Vaults:5)
  30 deep trolls
  5 unseen horrors
  12 naga ritualists
  A wolf spider zombie (Abyss:2)
  23 ironbrand convokers
  15 starcursed masses (Abyss:2)
  13 wizards
  9 flayed ghosts
  5 glowing orange brains
  A lindwurm (Lair:6)
  A lindwurm (shapeshifter) (Zot:2)
  Pikel (D:3)
  9 swamp dragons
  12 phantasmal warriors
  14 deep elf archers
  15 orc knights
  A harpy (shapeshifter) (Depths:2)
  3 wolf spiders
  7 orc sorcerers
  13 necromancers
  63 deep elf magi
  8 mana vipers
  73 ugly things
  A faun (shapeshifter) (Depths:5)
  35 moths of wrath
  14 cyclopes
  An elephant (shapeshifter) (Vaults:1)
  23 salamanders
  2 manticores
  2 centaur zombies
  9 guardian serpents
  6 elephants (Lair:2)
  An ice statue (IceCv)
  3 stone giant skeletons
  2 molten gargoyles (Lair:6)
  5 toenail golems (Volcano)
  3 rust devils
  A black mamba (shapeshifter) (Vaults:4)
  2 apocalypse crabs
  18 vault sentinels
  4 smoke demons
  Psyche (D:10)
  52 black mambas
  2 torpor snails (Lair:6)
  A yaktaur zombie (Vaults:4)
  17 spiny frogs
  25 naga magi
  Joseph (D:9)
  A torpor snail (shapeshifter) (Vaults:5)
  3 spiny frogs (shapeshifter)
  An emperor scorpion zombie (Crypt:1)
  28 large abominations
  A green draconian zombie (Crypt:1)
  2 orange demons
  A rime drake (shapeshifter) (Vaults:3)
  14 komodo dragons
  3 rime drakes
  10 freezing wraiths
  68 yaktaurs
  3 kobold demonologists
  9 efreet
  15 trolls
  A merfolk (shapeshifter) (Depths:4)
  6 ancient zymes (Abyss:2)
  22 polar bears
  A queen bee (Orc:1)
  4 tengu conjurers
  3 meliai (D:15)
  A queen bee (shapeshifter) (Depths:4)
  2 polar bears (shapeshifter)
  Grinder (D:6)
  13 tyrant leeches
  20 raiju
  8 hippogriffs
  25 hornets
  12 blink frogs
  11 bog bodies
  An ice dragon zombie (Abyss:2)
  2 hippogriffs (shapeshifter)
  2 snapping turtles (shapeshifter)
  An ettin zombie (Abyss:2)
  40 slime creatures
  48 flying skulls (Crypt:3)
  5 redbacks
  2 ynoxinuls (Abyss:2)
  20 spriggans
  8 air elementals
  6 shadows
  A tarantella (Vaults:1)
  A fire dragon skeleton (Crypt:1)
  3 spriggans (shapeshifter)
  9 wraiths
  2 fire bats (Abyss:2)
  A vampire (D:15)
  7 wyverns
  A yak (shapeshifter) (Vaults:5)
  3 hungry ghosts
  34 small abominations
  4 water elementals
  29 yaks
  10 fire elementals
  4 neqoxecs
  2 human simulacra
  4 basilisks
  3 chaos spawn
  A warg (Orc:2)
  Grum (D:11)
  15 swamp worms
  33 vampire mosquitoes
  A spatial vortex (Abyss:2)
  An acid dragon (Vaults:1)
  An infernal demonspawn zombie (Crypt:1)
  55 nagas
  A swamp worm (shapeshifter) (Abyss:2)
  10 insubstantial wisps
  7 water moccasins
  2 soldier ants (shapeshifter) (Depths:4)
  A soldier ant (D:12)
  A deep troll skeleton (Vaults:2)
  2 porcupines
  13 hell hounds
  A floating eye (shapeshifter) (Vaults:3)
  A black bear (D:12)
  35 orc warriors
  2 slaves (D:4)
  2 hornet zombies
  4 ice beasts
  A manticore zombie (Crypt:3)
  3 sky beasts
  A spiny frog skeleton (Crypt:2)
  An ettin simulacrum (Vaults:2)
  41 ogres
  11 swamp drakes
  A black bear (shapeshifter) (Depths:4)
  An eye of draining (D:14)
  5 necrophages
  2 phantoms
  27 wolves
  An eye of draining (shapeshifter) (D:13)
  12 boggarts
  26 centaurs
  8 crocodiles
  An elf zombie (Elf:1)
  7 big kobolds
  3 human zombies
  4 earth elementals
  10 bullfrogs
  A wyvern zombie (D:14)
  An elf skeleton (Crypt:2)
  2 wyvern skeletons (D:14)
  A water moccasin skeleton (Crypt:1)
  8 scorpions
  A troll zombie (Crypt:2)
  29 killer bees
  8 wights
  2 howler monkeys (D:8)
  An electric eel (Lair:3)
  A bullfrog zombie (D:5)
  14 crimson imps
  11 lava snakes
  6 quasits
  11 centaur skeletons
  7 hounds
  17 orc priests
  3 jellies
  26 orc wizards
  3 bullfrog skeletons
  5 iguanas
  10 worker ants
  A tengu skeleton (Crypt:2)
  A hound skeleton (D:6)
  A howler monkey zombie (D:7)
  Robin (D:3)
  A worker ant zombie (D:7)
  9 gnolls
  12 adders
  5 shadow imps
  4 white imps (Gauntlet)
  An adder zombie (D:5)
  2 adder skeletons
  4 worms
  3 dart slugs
  3 leopard geckos
  90 orcs
  A bat zombie (Crypt:2)
  6 giant cockroaches
  18 goblins
  9 hobgoblins
  14 jackals
  6 quokkas
  2 ball pythons
  A ball python skeleton (Crypt:1)
  6 bats
  3 frilled lizards
  18 kobolds
  A quokka skeleton (D:4)
  A quokka zombie (D:8)
  10 rats
  2 river rat skeletons (Crypt:1)
  5 crawling corpses
  2 fungi (Lair:2)
  A lurking horror (Abyss:2)
  2 plants
2961 creatures vanquished.

Vanquished Creatures (collateral kills)
  A golden dragon (Vaults:5)
  A sphinx (Depths:1)
  A death cob (Zot:4)
  A frost giant (Vaults:5)
  A fire giant (Vaults:5)
  A draconian shifter (Zot:4)
  A draconian annihilator (Zot:4)
  A red draconian (Zot:4)
  A purple draconian (Zot:4)
  A fire dragon (Depths:1)
  A yaktaur captain (Vaults:5)
  5 vault guards (Vaults:5)
  A hell knight (Vaults:5)
  A deep troll (Vaults:5)
  A moth of wrath (Zot:4)
  2 orcs (Vaults:5)
21 creatures vanquished.

Vanquished Creatures (others)
  An Orb Guardian (Zot:5)
  A nagaraja (Snake:2)
  A tengu reaver (Depths:5)
  A rakshasa (Depths:2)
  A swamp dragon (Swamp:4)
  A wizard (D:13)
  A necromancer (Depths:4)
  A mana viper (Snake:3)
  A deep elf mage (Elf:1)
  An ugly thing (Depths:1)
  A slime creature (Swamp:2)
  A spriggan (Swamp:2)
  A yak (IceCv)
  An insubstantial wisp (Swamp:3)
  A swamp worm (Swamp:1)
  2 nagas
  A swamp drake (Swamp:4)
  2 ogres
  A wolf (IceCv)
  An adder skeleton (D:8)
  A goblin (D:4)
  3 fungi
  5 plants
  2 starspawn tentacles (Abyss:3)
33 creatures vanquished.

Grand Total: 3015 creatures vanquished

Notes
Turn   | Place    | Note
-------+----------+-------------------------------------------
     0 | D:1      | DeepDeath the Hill Orc Monk began the quest for the Orb.
     0 | D:1      | Reached XP level 1. HP: 19/19 MP: 1/1
   269 | D:1      | Reached XP level 2. HP: 24/27 MP: 2/2
   589 | D:1      | Reached skill level 1 in Armour
   591 | D:1      | Reached XP level 3. HP: 30/33 MP: 3/3
  1210 | D:2      | Noticed a centaur
  1602 | D:1      | Reached skill level 5 in Axes
  1775 | D:1      | Reached XP level 4. HP: 38/40 MP: 4/4
  2841 | D:3      | Reached XP level 5. HP: 35/46 MP: 5/5
  2880 | D:3      | Reached skill level 1 in Throwing
  3423 | D:4      | Noticed Robin
  3448 | D:3      | Killed Robin
  3560 | D:4      | Reached skill level 1 in Polearms
  3718 | D:4      | Found a shattered altar of Ashenzari.
  3825 | D:4      | Noticed a slave
  3826 | D:4      | Noticed Pikel
  3828 | D:4      | Noticed a slave
  3841 | D:4      | Noticed a slave
  4141 | D:4      | Found an opulent altar of Gozag.
  4152 | D:4      | Reached XP level 6. HP: 52/52 MP: 6/6
  4330 | D:4      | Noticed a slave
  4350 | D:4      | Killed a slave
  4717 | D:4      | Killed a slave
  4990 | D:3      | Killed Pikel
  4990 | D:3      | Reached XP level 7. HP: 20/59 MP: 7/7
  4990 | D:3      | Reached XP level 8. HP: 23/66 MP: 8/8
  5168 | D:5      | Entered Level 5 of the Dungeon
  5743 | D:5      | Reached skill level 5 in Fighting
  6101 | D:5      | Found a shadowy altar of Dithmenos.
  6919 | D:6      | Noticed Grinder
  6951 | D:6      | Got a polished helmet
  6959 | D:6      | Reached skill level 1 in Evocations
  6959 | D:6      | Reached XP level 9. HP: 53/75 MP: 8/10
  7133 | D:6      | Identified the +0 helmet "Daefiraf" {rF++ Slay+2} (You
                  | found it on level 6 of the Dungeon)
  7173 | D:6      | Killed Grinder
  7389 | D:6      | Found a staircase to the Ecumenical Temple.
  7396 | Temple   | Entered the Ecumenical Temple
  7541 | Temple   | Became a worshipper of Warmaster Okawaru
  7541 | Temple   | Reached * piety under Okawaru
  7541 | Temple   | Reached ** piety under Okawaru
  7581 | D:6      | Reached skill level 10 in Polearms
  7844 | D:6      | Reached skill level 1 in Invocations
  8349 | D:7      | You fall into a shaft and drop 3 floors!
  8349 | D:10     | Entered Level 10 of the Dungeon
  8350 | D:10     | Noticed a troll
  8449 | D:9      | Noticed Erica
  8461 | D:9      | Killed Erica
  8461 | D:9      | Reached *** piety under Okawaru
  8461 | D:9      | Reached XP level 10. HP: 75/86 MP: 12/12
  8637 | D:9      | Noticed Erolcha
  8640 | D:9      | Killed Erolcha
  9068 | D:9      | Noticed Joseph
  9080 | D:9      | Killed Joseph
  9080 | D:9      | Received a gift from Okawaru
  9972 | D:7      | Reached **** piety under Okawaru
 10333 | D:7      | Found Atamob's Armour Boutique.
 10416 | D:7      | Found a hazy altar of Hepliaklqana.
 10430 | D:7      | Found a bloodstained altar of Trog.
 10629 | D:7      | Bought a +0 pair of gloves for 63 gold pieces
 10829 | D:8      | Reached skill level 5 in Invocations
 11040 | D:7      | Reached XP level 11. HP: 95/95 MP: 14/14
 11140 | D:8      | Reached skill level 5 in Armour
 11487 | D:8      | Found Attun's Magic Scroll Shop.
 11495 | D:8      | Bought a scroll of brand weapon for 280 gold pieces
 11495 | D:8      | Bought a scroll of identify for 28 gold pieces
 11495 | D:8      | Bought a scroll of identify for 28 gold pieces
 11495 | D:8      | Bought a scroll of fear for 49 gold pieces
 11531 | D:8      | Found a snail-covered altar of Cheibriados.
 11648 | D:8      | Found a staircase to the Lair.
 11796 | D:10     | Reached ***** piety under Okawaru
 11876 | D:10     | Noticed a catoblepas
 11901 | D:10     | Killed a catoblepas
 11938 | D:10     | Received a gift from Okawaru
 11941 | D:10     | Got an ancient battleaxe {god gift}
 12028 | D:10     | Noticed a cyan ugly thing
 12038 | D:10     | Killed a cyan ugly thing
 12060 | D:10     | Noticed a two-headed ogre
 12077 | D:10     | Killed a two-headed ogre
 12619 | D:10     | Noticed a cyclops
 12642 | D:10     | Killed a cyclops
 12697 | D:10     | Noticed Psyche
 12699 | D:10     | Killed Psyche
 12983 | D:10     | Identified the +8 battleaxe "Bibagim" {pain, rElec Int+4}
                  | (Okawaru gifted it to you on level 10 of the Dungeon)
 13101 | Lair:1   | Entered Level 1 of the Lair of Beasts
 13385 | Lair:1   | Reached skill level 10 in Fighting
 13716 | Lair:1   | Reached skill level 10 in Axes
 13716 | Lair:1   | Reached XP level 12. HP: 104/106 MP: 16/18
 13832 | Lair:1   | Received a gift from Okawaru
 14423 | Lair:2   | Found a frozen archway.
 14455 | IceCv    | Entered an ice cave
 15331 | IceCv    | Reached ****** piety under Okawaru
 15410 | IceCv    | Received a gift from Okawaru
 15420 | IceCv    | Reached skill level 1 in Slings
 15575 | IceCv    | Received a gift from Okawaru
 15643 | IceCv    | Reached XP level 13. HP: 47/114 MP: 20/20
 16003 | IceCv    | Noticed a frost giant
 16029 | IceCv    | Killed a frost giant
 16038 | IceCv    | Reached skill level 5 in Throwing
 16481 | Lair:2   | Reached skill level 10 in Invocations
 17550 | Lair:3   | Found a staircase to the Swamp.
 18212 | Lair:4   | Found a staircase to the Snake Pit.
 18853 | Lair:4   | Got an ichor-stained quarterstaff
 18855 | Lair:4   | Identified the +5 quarterstaff "Amoin" {freeze, *Noise
                  | rPois rN++ Dex+4} (You found it on level 4 of the Lair of
                  | Beasts)
 18933 | Lair:5   | Found a dark tunnel.
 19007 | Volcano  | Entered a volcano
 19022 | Volcano  | Reached skill level 1 in Staves
 19029 | Volcano  | Received a gift from Okawaru
 19150 | Volcano  | Got a pair of twisted boots
 19177 | Volcano  | Identified the cursed -2 pair of boots "Isastrub" {rPois
                  | rF+ Regen+ Stlth+} (You found it in a volcano)
 19791 | Lair:5   | Reached XP level 14. HP: 118/126 MP: 18/22
 20599 | D:8      | Bought 2 scrolls of blinking for 210 gold pieces
 20599 | D:8      | Bought a scroll of enchant weapon for 105 gold pieces
 20599 | D:8      | Bought a scroll of magic mapping for 49 gold pieces
 20954 | D:11     | Noticed Grum
 21309 | D:11     | Noticed Nergalle
 21319 | D:11     | Killed Nergalle
 21707 | D:11     | Killed Grum
 22157 | D:12     | Reached skill level 5 in Slings
 22185 | D:12     | Received a gift from Okawaru
 22188 | D:12     | Got an ivory hunting sling {god gift}
 22256 | D:12     | Identified the +8 hunting sling of Upheaval {speed, rF+
                  | Int+3} (Okawaru gifted it to you on level 12 of the
                  | Dungeon)
 22266 | D:12     | Reached skill level 10 in Armour
 22520 | D:12     | Found a staircase to the Orcish Mines.
 22536 | D:12     | Found a roughly hewn altar of Beogh.
 22692 | D:12     | Noticed a red very ugly thing
 22703 | D:12     | Killed a red very ugly thing
 22917 | D:12     | You fall into a shaft and drop 3 floors!
 22917 | D:15     | Entered Level 15 of the Dungeon
 23011 | D:15     | Reached skill level 5 in Staves
 23110 | D:15     | Found a gate leading to a gauntlet.
 23166 | Gauntlet | Entered a Gauntlet
 23166 | Gauntlet | Found a transporter.
 23169 | Gauntlet | Found a transporter.
 23173 | Gauntlet | Found a transporter.
 23179 | Gauntlet | Found a transporter.
 23186 | Gauntlet | Found a transporter.
 23187 | Gauntlet | Found a transporter.
 23191 | Gauntlet | Found a transporter.
 23196 | Gauntlet | Found a transporter.
 23200 | Gauntlet | Found a transporter.
 23206 | Gauntlet | Found a transporter.
 23211 | Gauntlet | Found a transporter.
 23214 | Gauntlet | Found a transporter.
 23220 | Gauntlet | Found a transporter.
 23223 | Gauntlet | Found a transporter.
 23377 | Gauntlet | Received a gift from Okawaru
 23445 | Gauntlet | Got a heavily runed cloak
 23446 | Gauntlet | Identified the +2 cloak of the Blessed Realm {rPois} (You
                  | found it in a Gauntlet)
 23495 | Gauntlet | Got a vibrating tin amulet
 23496 | Gauntlet | Identified the amulet "Vihano" {Reflect MR+ SH+5 Stlth+}
                  | (You found it in a Gauntlet)
 23934 | D:15     | Received a gift from Okawaru
 24086 | D:15     | Reached XP level 15. HP: 53/132 MP: 17/23
 24714 | D:15     | Found a basalt altar of Yredelemnul.
 25088 | D:15     | Found a staircase to the Depths.
 25472 | D:14     | Noticed Josephine
 25477 | D:14     | Killed Josephine
 25614 | D:14     | HP: 5/134 [phantasmal warrior[a death knight] (29)]
 25982 | Orc:1    | Entered Level 1 of the Orcish Mines
 26304 | Orc:2    | Entered Level 2 of the Orcish Mines
 26347 | Orc:2    | Received a gift from Okawaru
 26922 | Orc:2    | Paralysed by an orc sorcerer for 2 turns
 27006 | Orc:2    | Found Zuocu's Jewellery Boutique.
 27006 | Orc:2    | Found Ruosol's Distillery.
 27017 | Orc:2    | Found Xuih Rod's Magic Scroll Emporium.
 27017 | Orc:2    | Found Pauwuthre's Weapon Emporium.
 27104 | Orc:2    | Bought 3 scrolls of blinking for 360 gold pieces
 27104 | Orc:2    | Bought a scroll of magic mapping for 56 gold pieces
 27106 | Orc:2    | Bought a cursed ring of teleportation for 67 gold pieces
 27256 | Orc:2    | Found a staircase to the Elven Halls.
 27340 | Orc:1    | Received a gift from Okawaru
 27554 | Orc:2    | Bought the ring "Yfryam" {*Drain rElec MR++ MP+9 SInv} for
                  | 615 gold pieces
 27565 | Orc:2    | Bought a scroll of identify for 32 gold pieces
 27565 | Orc:2    | Bought a scroll of summoning for 152 gold pieces
 27584 | Orc:2    | Bought a potion of heal wounds for 90 gold pieces
 27584 | Orc:2    | Bought a potion of invisibility for 144 gold pieces
 27584 | Orc:2    | Bought a potion of flight for 54 gold pieces
 27584 | Orc:2    | Bought a potion of flight for 54 gold pieces
 27584 | Orc:2    | Bought 2 potions of might for 144 gold pieces
 27886 | Lair:6   | Entered Level 6 of the Lair of Beasts
 28066 | Lair:6   | Received a gift from Okawaru
 28109 | Lair:6   | Reached XP level 16. HP: 133/144 MP: 25/25
 28204 | Lair:6   | Reached skill level 15 in Axes
 28356 | Lair:6   | Found a staircase to the Slime Pits.
 28358 | Lair:6   | Found a viscous altar of Jiyva.
 28386 | Lair:6   | Received a gift from Okawaru
 28392 | Lair:6   | Got a pair of faintly humming gloves {god gift}
 28393 | Lair:6   | Identified the +1 pair of gloves of Fashionability {rC++
                  | rN+ MR- rCorr} (Okawaru gifted it to you on level 6 of the
                  | Lair of Beasts)
 29243 | Lair:6   | Found a large runed translucent door.
 29243 | Lair:6   | Found a large runed translucent door.
 30039 | D:13     | Found a sparkling altar of Nemelex Xobeh.
 30093 | D:13     | Found a gateway to a bazaar.
 30671 | D:13     | Found a runed translucent door.
 31433 | D:13     | Identified the +5 executioner's axe of Death {drain, rPois
                  | rN+}
 31746 | D:14     | Found Fisk's Book Shop.
 31883 | D:14     | Received a gift from Okawaru
 32030 | D:14     | Received a gift from Okawaru
 32033 | D:14     | Identified the +2 pair of boots "Zioneg" {rF- MR++ Int+3}
                  | (Okawaru gifted it to you on level 14 of the Dungeon)
 32238 | D:14     | Found a gate to the Vaults.
 33046 | Orc:2    | Bought a scroll of brand weapon for 320 gold pieces
 33520 | D:13     | Reached skill level 1 in Shields
 33888 | Swamp:1  | Entered Level 1 of the Swamp
 34206 | Swamp:1  | Reached skill level 5 in Dodging
 34225 | Swamp:1  | Reached XP level 17. HP: 128/152 MP: 26/26
 34263 | Swamp:1  | Reached skill level 5 in Shields
 35144 | Lair:1   | Gained mutation: You are weak. (Str -2) [potion of
                  | mutation]
 35144 | Lair:1   | Lost mutation: You are weak. (Str -2) [potion of mutation]
 35147 | Lair:1   | Gained mutation: You can translocate small distances at
                  | will. [potion of mutation]
 35147 | Lair:1   | Gained mutation: You are dopey. (Int -2) [potion of
                  | mutation]
 35147 | Lair:1   | Gained mutation: Your magical capacity is low. (-10% MP)
                  | [potion of mutation]
 35147 | Lair:1   | Gained mutation: Your spells are a little harder to cast,
                  | but a little more powerful. [potion of mutation]
 35653 | Swamp:2  | Identified the +8 quarterstaff of Lies {vorpal, rC+ Dex+2}
                  | (You found it on level 2 of the Swamp)
 36383 | Swamp:2  | Noticed a tentacled monstrosity
 36416 | Swamp:2  | Killed a tentacled monstrosity
 36416 | Swamp:2  | Received a gift from Okawaru
 36523 | Swamp:3  | Received a gift from Okawaru
 36852 | Swamp:3  | Found a transporter.
 36871 | Swamp:3  | Found a one-way gate to the infinite horrors of the Abyss.
 36871 | Swamp:3  | Noticed Amet's ghost (journeyman MiBe)
 36871 | Swamp:3  | Identified the +4 trident "Ruwing" {distort, *Drain rPois
                  | rN+}
 36880 | Swamp:3  | Found a transporter.
 36887 | Swamp:3  | Noticed an Executioner
 37484 | Swamp:4  | Entered Level 4 of the Swamp
 37543 | Swamp:4  | Noticed Donald
 37551 | Swamp:4  | Killed Donald
 37744 | Swamp:4  | Received a gift from Okawaru
 38494 | Swamp:4  | Reached skill level 15 in Fighting
 38494 | Swamp:4  | Reached XP level 18. HP: 163/163 MP: 24/24
 38519 | Swamp:4  | Got a decaying rune of Zot
 39203 | Snake:1  | Entered Level 1 of the Snake Pit
 40183 | Lair:1   | Lost mutation: You are dopey. (Int -2) [potion of mutation]
 40183 | Lair:1   | Lost mutation: Your magical capacity is low. (-10% MP)
                  | [potion of mutation]
 40183 | Lair:1   | Lost mutation: Your spells are a little harder to cast, but
                  | a little more powerful. [potion of mutation]
 40183 | Lair:1   | Gained mutation: You are partially covered in thin metallic
                  | scales. (AC +2) [potion of mutation]
 40183 | Lair:1   | Gained mutation: You are partially covered in icy blue
                  | scales. (AC +2) [potion of mutation]
 40511 | Snake:2  | Found Volaj's Armour Shop.
 40539 | Snake:2  | Found Ituceavvawn's General Store.
 40539 | Snake:2  | Found Enecun's General Store.
 40547 | Snake:2  | Found Jypes's Jewellery Shop.
 40558 | Snake:2  | Bought a scroll of identify for 36 gold pieces
 40570 | Snake:2  | Bought a scarf of repulsion for 132 gold pieces
 40641 | Snake:2  | Found a runed translucent door.
 40648 | Snake:2  | Received a gift from Okawaru
 42187 | Snake:3  | Noticed Azrael
 42202 | Snake:3  | Killed Azrael
 42202 | Snake:3  | Received a gift from Okawaru
 42400 | Snake:3  | Found a transporter.
 42521 | Snake:3  | Found a transporter.
 42695 | Snake:3  | Noticed Aizul
 42733 | Snake:3  | Killed Aizul
 43120 | Snake:3  | Reached skill level 10 in Slings
 43123 | Snake:3  | Received a gift from Okawaru
 43152 | Snake:3  | Reached skill level 5 in Evocations
 43818 | Orc:2    | Bought a potion of experience for 900 gold pieces
 43819 | Orc:2    | Reached XP level 19. HP: 173/173 MP: 28/28
 43915 | Elf:1    | Entered Level 1 of the Elven Halls
 43923 | Elf:1    | Found Xirheps's Weapon Shoppe.
 43962 | Elf:1    | Got a smoking arbalest
 43982 | Elf:1    | Identified the +5 arbalest "Guidota" {freeze, Int+3} (You
                  | found it on level 1 of the Elven Halls)
 44015 | Elf:1    | Found Faczemas's Distillery.
 44063 | Elf:1    | Reached skill level 5 in Stealth
 44186 | Elf:1    | Reached XP level 20. HP: 182/182 MP: 29/29
 44676 | Elf:1    | Found Luqaloan's Armour Shoppe.
 44887 | Elf:1    | Reached skill level 10 in Dodging
 44917 | Elf:1    | Found Xusycosy's Assorted Antiques.
 44924 | Elf:1    | Received a gift from Okawaru
 45154 | Elf:1    | Identified Kikubaaqudgha's Incunabulum of Subjectivity
 45294 | Elf:1    | Bought a blackened bone ring for 130 gold pieces
 45767 | Snake:4  | Entered Level 4 of the Snake Pit
 45789 | Snake:4  | Found Oschuptox's Jewellery Emporium.
 46259 | Snake:4  | Received a gift from Okawaru
 46733 | Snake:4  | Received a gift from Okawaru
 46791 | Snake:4  | Noticed Vashnia
 46896 | Snake:4  | Killed Vashnia
 46896 | Snake:4  | Received a gift from Okawaru
 47034 | Snake:4  | Received a gift from Okawaru
 47329 | Snake:4  | Received a gift from Okawaru
 47459 | Snake:4  | Got a serpentine rune of Zot
 47601 | Snake:4  | Reached XP level 21. HP: 177/200 MP: 30/30
 48519 | Vaults:1 | Entered Level 1 of the Vaults
 48603 | Vaults:1 | Identified the +8 spear "Tischirenn" {antimagic, rF+} (You
                  | found it on level 1 of the Vaults)
 49595 | Vaults:1 | Identified the Disquisition on Twisted Poison
 49844 | Vaults:1 | Found Dyusoh's Gadget Shoppe.
 50032 | Vaults:1 | Received a gift from Okawaru
 52055 | Vaults:3 | Received a gift from Okawaru
 52103 | Vaults:3 | Got a heavily runed copper ring
 52104 | Vaults:3 | Identified the ring "Othext" {rF+ rC+ Str-4 Slay+2 Stlth-}
                  | (You found it on level 3 of the Vaults)
 52339 | Vaults:3 | Reached XP level 22. HP: 193/213 MP: 31/31
 52347 | Vaults:3 | Received a gift from Okawaru
 52491 | Vaults:3 | Noticed Mara
 52496 | Vaults:3 | Received a gift from Okawaru
 52498 | Vaults:3 | Noticed DeepDeath's illusion
 53245 | Vaults:3 | Received a gift from Okawaru
 53375 | Vaults:3 | Found an opulent altar of Gozag.
 53547 | Vaults:3 | Found a staircase to the Crypt.
 54355 | Vaults:4 | Received a gift from Okawaru
 54831 | Vaults:4 | Received a gift from Okawaru
 55211 | Vaults:3 | Received a gift from Okawaru
 55468 | Vaults:3 | Received a gift from Okawaru
 55582 | Vaults:4 | Reached skill level 15 in Armour
 55968 | Vaults:4 | Noticed Boris
 55971 | Vaults:4 | Reached XP level 23. HP: 214/223 MP: 33/33
 55997 | Vaults:4 | Killed Boris
 56209 | Vaults:3 | Noticed DeepDeath's illusion
 56220 | Vaults:3 | Killed Mara
 56238 | Vaults:3 | Identified the +4 bardiche of Kitepnam {venom, rF+++ MR+
                  | Str+4 Int-3} (Okawaru gifted it to you on level 3 of the
                  | Vaults)
 56735 | Elf:2    | Found a runed translucent gate.
 56735 | Elf:2    | Found a runed translucent gate.
 56736 | Elf:2    | Found a runed translucent gate.
 57205 | Elf:3    | Entered Level 3 of the Elven Halls
 57369 | Elf:3    | Found Koistry's Magic Scroll Shoppe.
 57411 | Elf:3    | Bought a scroll of identify for 36 gold pieces
 57411 | Elf:3    | Bought a scroll of identify for 36 gold pieces
 57667 | Elf:3    | Received a gift from Okawaru
 57670 | Elf:3    | Got a scorched buckler {god gift}
 57675 | Elf:3    | Identified the +0 buckler "Nuadgh" {rPois} (Okawaru gifted
                  | it to you on level 3 of the Elven Halls)
 57921 | Elf:3    | Identified the ring of the Jester {*Slow rF+ MR+ Str+2}
 58100 | Elf:3    | Identified the +1 leather armour of Ashenzari's Supremacy
                  | {*Slow rElec rPois Str+9}
 58234 | Elf:3    | Identified the cursed +1 acid dragon scales of Hedonism
                  | {rElec rCorr MP+9}
 59067 | Elf:3    | Identified the ring "Gosar" {rF+ rC+}
 59267 | Elf:3    | Identified the +8 shortbow "Widowermaker" {vorpal, rF+++
                  | MP+9 Int-3 Dex+4}
 59276 | Elf:3    | Found the +3 giant club "Skullcrusher" {speed, Str+7}
 59294 | Elf:3    | Identified the Disquisition on Boosting Transformation
 59296 | Elf:3    | Identified Sif Muna's Almanac of Igneous Companions
 59790 | Elf:1    | Bought 4 silver boomerangs for 78 gold pieces
 60548 | Elf:2    | Received a gift from Okawaru
 60551 | Elf:2    | Identified the +6 war axe of the Curious Nightmares {flame,
                  | rF+ rC- Int+3} (Okawaru gifted it to you on level 2 of the
                  | Elven Halls)
 60875 | Elf:2    | Reached XP level 24. HP: 235/235 MP: 33/33
 61349 | Depths:1 | Entered Level 1 of the Depths
 61411 | Depths:1 | Found a gateway to Hell.
 61499 | Depths:1 | Noticed Bai Suzhen
 61514 | Depths:1 | Killed Bai Suzhen
 61533 | Depths:1 | Reached skill level 10 in Shields
 61695 | Depths:1 | Received a gift from Okawaru
 61719 | Depths:1 | Identified Viemuh's Volume of the Frostbite and Curses
 61984 | Depths:1 | You fall into a shaft and drop 1 floor!
 62030 | Depths:2 | Received a gift from Okawaru
 62152 | Depths:2 | Found a runed translucent door.
 63415 | Depths:2 | Found Jodir's Antique Weapon Emporium.
 63417 | Depths:2 | Found Feimn's Magic Scroll Shoppe.
 63417 | Depths:2 | Found Cututs's Magic Scroll Emporium.
 63422 | Depths:2 | Found Ubumiebe's Antique Armour Shoppe.
 63837 | Depths:2 | Found a one-way gate leading to the halls of Pandemonium.
 63847 | Depths:2 | Received a gift from Okawaru
 64090 | Depths:2 | Received a gift from Okawaru
 64336 | Depths:3 | Reached XP level 25. HP: 184/247 MP: 33/33
 64571 | Depths:3 | Received a gift from Okawaru
 65400 | Depths:3 | Received a gift from Okawaru
 65511 | Depths:3 | Received a gift from Okawaru
 65637 | Depths:3 | Received a gift from Okawaru
 66568 | Bazaar   | Entered a bazaar
 66568 | Bazaar   | Found Yfieptuh's General Store.
 66568 | Bazaar   | Found Xiatog's Assorted Antiques.
 66568 | Bazaar   | Found Hunkoguu's Assorted Antiques.
 66568 | Bazaar   | Found Monoxor's Jewellery Boutique.
 66582 | Bazaar   | Bought a cursed amulet of inaccuracy for 20 gold pieces
 66589 | Bazaar   | Bought a potion of heal wounds for 130 gold pieces
 66591 | Bazaar   | Bought a pair of fine gloves for 256 gold pieces
 66593 | Bazaar   | Bought the amulet "Izxe Ato" {rC+ Regen+ Int+6} for 566
                  | gold pieces
 66593 | Bazaar   | Identified the +0 pair of gloves of Nihilism {rF+} (You
                  | bought it in a shop in a bazaar)
 66820 | Depths:2 | Bought a scroll of identify for 34 gold pieces
 66820 | Depths:2 | Bought a scroll of identify for 34 gold pieces
 66820 | Depths:2 | Bought a scroll of identify for 34 gold pieces
 66820 | Depths:2 | Bought a scroll of enchant weapon for 127 gold pieces
 66820 | Depths:2 | Bought a scroll of acquirement for 884 gold pieces
 66821 | Depths:2 | Acquired 1250 gold pieces
 66828 | Depths:2 | Bought a scroll of enchant weapon for 127 gold pieces
 67074 | Orc:2    | Bought an uncursed ring of positive energy for 300 gold
                  | pieces
 67375 | Depths:2 | Bought a scroll of enchant armour for 127 gold pieces
 67375 | Depths:2 | Bought a scroll of summoning for 161 gold pieces
 67501 | Depths:4 | Noticed Xtahua
 67518 | Depths:4 | Killed Xtahua
 67586 | Depths:4 | Reached skill level 10 in Throwing
 67592 | Depths:4 | Received a gift from Okawaru
 67719 | Depths:4 | Received a gift from Okawaru
 67815 | Depths:4 | Noticed Margery
 67822 | Depths:4 | Reached XP level 26. HP: 227/259 MP: 33/33
 67851 | Depths:4 | Killed Margery
 67901 | Depths:4 | Cast into level 2 of the Abyss (hell knight)
 68342 | Abyss:2  | Gained mutation: You have large cloven feet. [a neqoxec]
 68344 | Abyss:2  | Gained mutation: You have an increased reservoir of magic.
                  | (+10% MP) [a neqoxec]
 68475 | Depths:4 | Escaped the Abyss
 69387 | Depths:4 | Received a gift from Okawaru
 70749 | Depths:5 | Entered Level 5 of the Depths
 70829 | Depths:5 | Found a gateway to a ziggurat.
 71021 | Depths:5 | Received a gift from Okawaru
 71724 | Depths:5 | Reached XP level 27. HP: 145/270 MP: 36/36
 71917 | Depths:5 | Noticed Sojobo
 71941 | Depths:5 | Killed Sojobo
 72196 | Depths:5 | Found a gate to the Realm of Zot.
 72619 | Depths:5 | Identified the +1 plate armour "Umom" {rF+} (Okawaru gifted
                  | it to you on level 5 of the Depths)
 72709 | Depths:3 | Identified the +7 arbalest of Crystal {venom, rC+ rN+ MP+9
                  | Stlth-} (You found it on level 3 of the Depths)
 73103 | Elf:3    | Bought a scroll of enchant weapon for 135 gold pieces
 73103 | Elf:3    | Bought a scroll of summoning for 171 gold pieces
 73197 | Elf:1    | Bought a potion of heal wounds for 60 gold pieces
 73197 | Elf:1    | Bought a potion of haste for 120 gold pieces
 73197 | Elf:1    | Bought a potion of mutation for 96 gold pieces
 73197 | Elf:1    | Bought a potion of cancellation for 96 gold pieces
 73503 | Swamp:3  | Cast into level 2 of the Abyss (spriggan rider)
 73879 | Abyss:2  | Gained mutation: Your spells are a little easier to cast,
                  | but a little less powerful. [a neqoxec]
 73880 | Abyss:2  | Gained mutation: Scrolls take you a little longer to read.
                  | [a neqoxec]
 74138 | Abyss:3  | Found a corrupted altar of Lugonu.
 74286 | Abyss:4  | Found a corrupted altar of Lugonu.
 74438 | Swamp:3  | Escaped the Abyss
 74455 | Swamp:3  | Lost mutation: You have an increased reservoir of magic.
                  | (+10% MP) [a cacodemon]
 74460 | Swamp:3  | Killed Amet's ghost
 74460 | Swamp:3  | Received a gift from Okawaru
 74478 | Swamp:3  | Got a buzzing hat {god gift}
 74481 | Swamp:3  | Identified the +1 hat "Oliryh" {+Inv rF- MR+ Slay+5}
                  | (Okawaru gifted it to you on level 3 of the Swamp)
 74670 | Lair:1   | Lost mutation: Scrolls take you a little longer to read.
                  | [potion of mutation]
 74670 | Lair:1   | Lost mutation: You are partially covered in icy blue
                  | scales. (AC +2) [potion of mutation]
 74670 | Lair:1   | Lost mutation: You have large cloven feet. [potion of
                  | mutation]
 74670 | Lair:1   | Lost mutation: Your spells are a little easier to cast, but
                  | a little less powerful. [potion of mutation]
 74670 | Lair:1   | Lost mutation: You can translocate small distances at will.
                  | [potion of mutation]
 74670 | Lair:1   | Gained mutation: You are resistant to hostile enchantments.
                  | (MR+) [potion of mutation]
 75444 | Crypt:1  | Entered Level 1 of the Crypt
 75458 | Crypt:1  | Reached skill level 27 in Fighting
 75977 | Crypt:1  | Found a shimmering blue altar of Sif Muna.
 76142 | Crypt:1  | Acquired 600 gold pieces
 76188 | Crypt:1  | Got a transparent brass amulet
 76215 | Crypt:1  | Identified the amulet "Kouli" {RegenMP Dex+3} (You found it
                  | on level 1 of the Crypt)
 76668 | Crypt:2  | Found a runed translucent door.
 76674 | Crypt:2  | Noticed yalue's ghost (adept MiFi)
 76914 | Crypt:3  | Entered Level 3 of the Crypt
 77230 | Crypt:3  | Found an ancient bone altar of Kikubaaqudgha.
 77289 | Crypt:3  | Reached skill level 15 in Shields
 77433 | Crypt:3  | Noticed Boris
 77456 | Crypt:3  | Killed Boris
 77506 | Crypt:3  | Identified the +8 scale mail of the Camelopard {rElec rF++
                  | Stlth+} (You found it on level 3 of the Crypt)
 77621 | Crypt:3  | Received a gift from Okawaru
 77640 | Crypt:3  | Noticed an ancient lich
 77655 | Crypt:3  | Killed an ancient lich
 77661 | Crypt:3  | Found a staircase to the Tomb.
 77766 | Crypt:3  | Received a gift from Okawaru
 78514 | Vaults:5 | Entered Level 5 of the Vaults
 78911 | Vaults:5 | Received a gift from Okawaru
 79326 | Vaults:5 | Received a gift from Okawaru
 79705 | Vaults:5 | Received a gift from Okawaru
 79871 | Vaults:5 | Identified the cursed +2 broad axe of Molotrec {drain,
                  | +Rage}
 80048 | Vaults:5 | Identified the +4 scythe of the Glimmering Fool {drain,
                  | rElec rPois SInv}
 80394 | Vaults:5 | Identified the Guide on Sinister Rites and Heat
 80488 | Vaults:5 | Identified Akaod's Guide on Sinister Earth
 80674 | Vaults:5 | Identified Nilike's Collected Works on Summoning and
                  | Malediction
 80683 | Vaults:5 | Got a silver rune of Zot
 80684 | Vaults:5 | Identified the Disquisition on Ashen Dark Rituals
 80689 | Vaults:5 | Identified the Grimoire of the Inquisitive Shrikes
 80833 | Vaults:5 | Received a gift from Okawaru
 81490 | Vaults:5 | Identified the +8 hand axe of the Owl {vorpal, rPois rC-
                  | MR+ Str+5} (You found it on level 5 of the Vaults)
 82058 | Elf:1    | Bought a potion of might for 104 gold pieces
 82058 | Elf:1    | Bought a shiny plate armour for 676 gold pieces
 82312 | Orc:2    | Bought a potion of cancellation for 144 gold pieces
 82312 | Orc:2    | Bought a potion of haste for 180 gold pieces
 82568 | Vaults:1 | Bought a box of beasts for 380 gold pieces
 82568 | Vaults:1 | Bought a wand of acid (5) for 342 gold pieces
 82568 | Vaults:1 | Bought a wand of digging (5) for 342 gold pieces
 82813 | Depths:2 | Bought a scroll of summoning for 161 gold pieces
 82899 | Zot:1    | Entered Level 1 of the Realm of Zot
 82899 | Zot:1    | Noticed an orb of fire
 82944 | Depths:5 | Killed an orb of fire
 82956 | Zot:1    | Received a gift from Okawaru
 82964 | Zot:1    | Received a gift from Okawaru
 83928 | Zot:1    | Identified the +1 pair of gloves of the Foremost Suns
                  | {rElec rCorr Str+3} (Okawaru gifted it to you on level 1 of
                  | the Realm of Zot)
 84246 | Zot:2    | Reached skill level 15 in Dodging
 84262 | Zot:2    | Found a huge runed gate.
 84262 | Zot:2    | Found a huge runed gate.
 84262 | Zot:2    | Found a huge runed gate.
 84262 | Zot:2    | Found a huge runed gate.
 84266 | Zot:2    | Found a huge runed gate.
 84266 | Zot:2    | Found a huge runed gate.
 84266 | Zot:2    | Found a huge runed gate.
 84266 | Zot:2    | Found a huge runed gate.
 84286 | Zot:2    | Found a huge runed gate.
 84287 | Zot:2    | Found a huge runed gate.
 84287 | Zot:2    | Found a huge runed gate.
 84303 | Zot:2    | Found a huge runed gate.
 84305 | Zot:2    | Found a huge runed gate.
 84342 | Zot:2    | Found a huge runed gate.
 84342 | Zot:2    | Found a huge runed gate.
 84342 | Zot:2    | Found a huge runed gate.
 84346 | Zot:2    | Received a gift from Okawaru
 84347 | Zot:2    | Found the +8 mithril axe "Arga" {speed, MR+}
 84920 | Zot:2    | Found a huge runed gate.
 84920 | Zot:2    | Found a huge runed gate.
 84920 | Zot:2    | Found a huge runed gate.
 84922 | Zot:2    | Found a huge runed gate.
 84923 | Zot:2    | Found a huge runed gate.
 84927 | Zot:2    | Found a huge runed gate.
 84927 | Zot:2    | Found a huge runed gate.
 84927 | Zot:2    | Found a huge runed gate.
 84927 | Zot:2    | Found a huge runed gate.
 84927 | Zot:2    | Found a huge runed gate.
 84934 | Zot:2    | Found a huge runed gate.
 84935 | Zot:2    | Found a huge runed gate.
 84973 | Zot:2    | Found a huge runed gate.
 84973 | Zot:2    | Found a huge runed gate.
 84973 | Zot:2    | Found a huge runed gate.
 84973 | Zot:2    | Found a huge runed gate.
 85212 | Zot:2    | Found a huge runed gate.
 85434 | Zot:2    | Received a gift from Okawaru
 85544 | Zot:2    | Received a gift from Okawaru
 86453 | Zot:3    | Received a gift from Okawaru
 86456 | Zot:3    | Identified the +0 helmet of DeepDeath's Action {Dex+8}
                  | (Okawaru gifted it to you on level 3 of the Realm of Zot)
 86940 | Zot:3    | Reached skill level 15 in Invocations
 87057 | Zot:3    | You fall into a shaft and drop 1 floor!
 87157 | Zot:4    | Identified the +2 chain mail "Yhethuw" {rCorr Dex+7} (You
                  | found it on level 4 of the Realm of Zot)
 88459 | Zot:4    | Received a gift from Okawaru
 88559 | Zot:5    | Entered Level 5 of the Realm of Zot
 88613 | Zot:5    | Noticed an ancient lich
 88621 | Zot:5    | Noticed an orb of fire
 88624 | Zot:5    | Noticed an ancient lich
 88625 | Zot:5    | Killed an ancient lich
 88625 | Zot:5    | Noticed an ancient lich
 88625 | Zot:5    | Noticed an orb of fire
 89249 | Zot:5    | Reached skill level 27 in Armour
 89260 | Zot:5    | Noticed an ancient lich
 89279 | Zot:5    | Killed an ancient lich
 89279 | Zot:5    | Received a gift from Okawaru
 89318 | Zot:5    | Killed an ancient lich
 89524 | Zot:5    | Killed an ancient lich
 89682 | Zot:5    | Noticed an orb of fire
 89683 | Zot:5    | Gained mutation: You occasionally shout uncontrollably at
                  | your foes. [an orb of fire]
 89691 | Zot:5    | Gained mutation: Your magical capacity is low. (-10% MP)
                  | [an orb of fire]
 89695 | Zot:5    | Gained mutation: You are frail. (-10% HP) [an orb of fire]
 89702 | Zot:5    | Killed an orb of fire
 89916 | Zot:5    | Identified a +1 pair of boots of running (Okawaru gifted it
                  | to you on level 5 of the Realm of Zot)
 89923 | Zot:5    | Lost mutation: Your magical capacity is low. (-10% MP)
                  | [potion of mutation]
 89923 | Zot:5    | Lost mutation: You occasionally shout uncontrollably at
                  | your foes. [potion of mutation]
 89923 | Zot:5    | Lost mutation: You are resistant to hostile enchantments.
                  | (MR+) [potion of mutation]
 89923 | Zot:5    | Gained mutation: You have large cloven feet. [potion of
                  | mutation]
 89923 | Zot:5    | Gained mutation: You evolve. [potion of mutation]
 90280 | Zot:5    | Killed an orb of fire
 90280 | Zot:5    | Received a gift from Okawaru
 90286 | Zot:5    | Killed an orb of fire
 90286 | Zot:5    | Received a gift from Okawaru
 90352 | Zot:5    | Identified the +0 pair of boots of Bad Feelings {Harm rF++
                  | MP+9 Str-3} (Okawaru gifted it to you on level 5 of the
                  | Realm of Zot)
 91708 | Zot:5    | Got the Orb of Zot
 91924 | Depths:5 | Noticed Beeha the pandemonium lord
 91937 | Depths:5 | Killed Beeha the pandemonium lord
 92155 | D:11     | Noticed a seraph
 92406 | D:$      | Escaped with the Orb!

Illustrated notes

Levels and vault maps discovered:
D:1:      shiori_shiawase, layout_basic
D:2:      layout_rooms
D:3:      corexii_shack_village, layout_rooms, first_ration
D:4:      layout_loops_ring, old_standard_altar, cheibrodos_ashenzari_chains,
          minmay_fractal_squares_gapless_5, uniq_pikel, uniq_robin
D:5:      layout_layer_cave, grunt_dithmenos_smoke,
          chequers_serial_rivers_small_b
D:6:      layout_cave_pools, minmay_temple_entry_hall, uniq_grinder
D:7:      layout_basic, minitemple, serial_shops, shop
D:8:      layout_rooms, kennysheep_little_box, david_lair_shrubbed,
          serial_shops, shop
D:9:      layout_layer_cave, serial_co_window_serial, co_window_corner_a,
          co_window_of_opportunity_a, co_window_corner_a, co_window_paths_b,
          co_window_paths_b, co_window_broadway_a, co_window_unsneaky_path_b,
          co_window_broadway_a, blue_anna_alchemist [blue_anna_fruit_fields,
          blue_anna_fruit_fields], uniq_joseph, uniq_erica, uniq_erolcha
D:10:     layout_cave_pods, uniq_psyche
D:11:     layout_gridville, uniq_grum, uniq_nergalle
D:12:     layout_irregular_city, minmay_orc_entry_temple_small, kb_rosetta
D:13:     mludivico_vault, layout_basic, serial_shops, bzr_entry_dummy,
          basic_altar, nicolae_wwwww
D:14:     layout_loops_cross, hangedman_vaults_entry_quadrant_bands,
          chequers_serial_rivers_large_b, serial_shops, kennysheep_mini,
          uniq_josephine
D:15:     grunt_enter_depths_hoard, layout_basic, yredelemnul_altar_generic,
          gauntlet_entry_generic, grunt_potential
Temple:   eino_temple_rhombus
Lair:1:   layout_misc_corridors, st_stairs_9, grunt_forest_large_clearing_hut,
          grunt_megastairs_3, lemuel_fruit_tree, serial_bayou_shore_b
Lair:2:   layout_concentric_octagons, portal_ice_cave_rime
Lair:3:   layout_gridlike, minmay_swamp_entry_reptiles, serial_bayou,
          serial_bayou_pond_a, serial_bayou_pond_b, serial_bayou_lake_a,
          serial_bayou_shore_a, serial_bayou_ford_a, cheibrodos_lair_lostbears
Lair:4:   layout_roguey, dummy_snake_entry
Lair:5:   layout_cave_pods, nicolae_volcano_entry_lava_flow,
          lemuel_fruit_fields, infiniplex_staircase_pool
Lair:6:   cheibrodos_lair_end_hotspot, layout_long_grid, slime_altar_1
Swamp:1:  layout_basic_swamp, serial_swamp_ruin, evilmike_swamp_ruin_house_5,
          evilmike_swamp_ruin_rubble_2, evilmike_swamp_ruin_house_6
Swamp:2:  cheibrodos_swamp_monstrosity, layout_basic_swamp,
          hangedman_swamp_lotus
Swamp:3:  layout_basic_swamp, gammafunk_ghost_abyssal_escape,
          evilmike_swamp_ruin_rubble_1
Swamp:4:  swamp_alternative, layout_basic_swamp, swamp_pool4, uniq_donald
Snake:1:  layout_cave_shapes
Snake:2:  cheibrodos_toxic_ritual, layout_misc_corridors,
          minmay_shop_grid_forest
Snake:3:  gammafunk_the_bubble [the_bubble_gammafunk_plus_minus], layout_basic,
          uniq_azrael, uniq_aizul
Snake:4:  johnstein_snake_rune_scales, layout_onion, grunt_ministairs_15,
          nicolae_snake_squiggles, minmay_shop_enchanted_jewellery
Orc:1:    layout_caves, special_room [special_room_bee]
Orc:2:    st_orc_elflike, layout_diamond_mine
Elf:1:    minmay_the_grid_plus_closed [minmay_the_grid_spin_star,
          minmay_the_grid_x, minmay_the_grid_plusring,
          minmay_the_grid_stretched_grid, minmay_the_grid_prize_four_corners],
          layout_geoelf_grid, serial_shops, shop, nicolae_shop_statue_plus,
          nicolae_shop_trees, nicolae_shop_trees, minmay_elf_necromancy,
          small_statue_intersection
Elf:2:    layout_geoelf_grid
Elf:3:    grunt_elf_hall_diamonds, layout_geoelf_diagonals, serial_shops,
          shop_scrolls
Vaults:1: hangedman_vaults_stretched_pinwheel, v_misc_33,
          dpeg_vaults_monster_box, vaults_room_fancy_cross, dpeg_vaults_waves,
          vaults_dpeg_cross, nicolae_vaults_little_squares_2,
          nicolae_vaults_network_square, nicolae_vaults_specimen_jars,
          layout_vaults_omnigrid, serial_shops, shop
Vaults:2: serial_ice_m, vaults_standard_mumra_enter_the_diamond, v_misc_32,
          v_pattern_5, ontoclasm_vaults_idyll,
          nicolae_vaults_diagonal_hallway_7, vaults_room_corners,
          layout_vaults_chaotic_city
Vaults:3: hangedman_vaults_stream, vaults_mumra_minichess_inversion, v_misc_26,
          ontoclasm_vaults_spin, minmay_crypt_entry_simple_corners, v_misc_17,
          hangedman_vaults_restitches, vaults_standard_mumra_lines,
          ontoclasm_vaults_decontamination, layout_vaults_omnicross,
          basic_altar, uniq_mara
Vaults:4: dpeg_vaults_pockets_of_resistance, hangedman_vaults_nodes, v_misc_9,
          nicolae_vaults_big_angled_halls, v_pattern_1, hangedman_vaults_slice,
          v_misc_24, nicolae_vaults_little_squares_2, nicolae_vaults_theta,
          v_misc_4, vaults_mumra_hex, nicolae_vaults_little_squares_6,
          nicolae_vaults_little_squares_5, vaults_room_semicircle,
          grunt_vaults_hallway_short, layout_vaults_omnibox, uniq_boris
Vaults:5
Crypt:1:  layout_rooms, hangedman_summoners_spam
Crypt:2:  layout_misc_corridors, ebering_ghost_reflecting_pool,
          roderic_lattice_octagonal_star
Crypt:3:  grunt_crypt_end_deaths_head
Depths:1: layout_cave_pools, minmay_strange_pillars, hell_entry, laboratory,
          uniq_bai_suzhen
Depths:2: minmay_polygon_palace, layout_basic, hangedman_geh_valley,
          minivault_14, rand_demon_pan_entry_1, abyss_entry,
          lightli_giant_bouncers, minmay_shoptagon
Depths:3: hangedman_arch_fort, layout_gridlike, grunt_hell_entry_dis_old,
          pan_entry
Depths:4: hangedman_pleasuredromes, hell_entry, abyss_entry, uniq_margery,
          uniq_xtahua
Depths:5: grunt_zot_entry_gee_three, layout_gridlike, enter_ziggurat_e,
          eino_curves_01, hell_entry, hex_large, uniq_sojobo
Zot:1:    layout_onion_interference, evilmike_ambush
          [evilmike_ambush_outer_basic, evilmike_ambush_inner_basic]
Zot:2:    lemuel_halls_of_wrath, layout_onion_interference, not_door_vault_due
Zot:3:    layout_misc_corridors, st_stairs_5, lemuel_baited_zot_trap,
          grunt_megastairs_5
Zot:4:    layout_basic
Zot:5:    layout_gridlike

Skill      XL: |  1  2  3  4  5  6  7  8  9 10 11 12 13 14 15 16 17 18 19 20 21 22 23 24 25 26 27 |
---------------+----------------------------------------------------------------------------------+-----
Armour         | 1 2 4 6 8 12 13 14 15 16 17 27 | 27.0
Fighting       | 4 5 7 8 10 12 13 14 15 16 19 21 22 23 24 25 26 27 | 27.0
Stealth        | 2 4 5 6 7 8 |  8.0
Axes           | 5 6 10 13 14 15 16 17 18 | 18.3
Throwing       | 1 2 3 4 5 8 10 13 | 13.9
Polearms       | 2 7 9 10 12 | 12.4
Evocations     | 1 3 4 5 6 7 8 |  8.0
Invocations    | 3 5 8 9 10 11 12 14 15 | 15.0
Dodging        | 3 5 7 9 10 11 12 20 | 20.2
Slings         | 1 4 5 8 9 10 11 13 | 13.8
Staves         | 3 7 9 |  9.4
Shields        | 4 7 8 9 10 16 | 16.0

Action                   |  1- 3 |  4- 6 |  7- 9 | 10-12 | 13-15 | 16-18 | 19-21 | 22-24 | 25-27 || total
-------------------------+-------+-------+-------+-------+-------+-------+-------+-------+-------++-------
Melee: Hand axe          |   135 |   122 |       |       |       |       |       |       |       ||   257
       Spear             |       |   136 |   346 |   535 |       |       |       |       |     4 ||  1021
       War axe           |       |       |       |   285 |  1038 |   517 |    37 |   111 |  1263 ||  3251
       Punch             |       |       |       |     5 |     9 |     1 |       |       |       ||    15
       Quarterstaff      |       |       |       |       |    58 |    13 |       |       |       ||    71
       Battleaxe         |       |       |       |       |     1 |       |       |       |       ||     1
       Broad axe         |       |       |       |       |       |   679 |   957 |  1236 |  2346 ||  5218
 Fire: Hunting sling     |       |       |       |    22 |     3 |       |       |       |       ||    25
       Fustibalus        |       |       |       |       |   232 |   631 |   367 |   643 |  1185 ||  3058
Throw: Dart              |     6 |    36 |    29 |    28 |    21 |     6 |       |     3 |       ||   129
       Stone             |       |       |     6 |       |       |       |       |       |       ||     6
       Throwing net      |       |       |       |     1 |       |       |       |       |     1 ||     2
       Javelin           |       |       |       |     3 |       |       |       |       |    35 ||    38
       Boomerang         |       |       |       |       |       |       |     1 |     3 |       ||     4
Invok: Heroism           |       |       |       |     5 |    13 |     4 |       |     2 |     6 ||    30
       Finesse           |       |       |       |       |     7 |     7 |     7 |     8 |    25 ||    54
Evoke: Wand              |       |       |     5 |    21 |    11 |     5 |     7 |     7 |    19 ||    75
       Phantom mirror    |       |       |       |       |     1 |       |       |     1 |       ||     2
       Lightning rod     |       |       |       |       |       |       |     3 |       |       ||     3
       Box of beasts     |       |       |       |       |       |       |       |       |     4 ||     4
  Use: Potion            |     2 |       |       |     5 |     5 |    10 |     3 |       |    34 ||    59
       Scroll            |     6 |    10 |     1 |    15 |    17 |     8 |    10 |     8 |    44 ||   119
 Stab: Sleeping          |     3 |     3 |     1 |     2 |     7 |    12 |     1 |    12 |    28 ||    69
       Distracted        |       |     1 |       |       |       |       |     3 |     1 |    17 ||    22
       Paralysed         |       |       |    13 |     8 |       |       |       |       |       ||    21
       Held in net/web   |       |       |       |     3 |       |       |       |       |       ||     3
       Petrified         |       |       |       |     2 |       |       |       |       |       ||     2
       Invisible         |       |       |       |       |     1 |       |       |       |     3 ||     4
       Confused          |       |       |       |       |       |     1 |       |       |     5 ||     6
  Eat: Ration            |     1 |       |     3 |     3 |     4 |    10 |     4 |     4 |    25 ||    54
       Chunk             |       |     9 |     2 |    16 |    25 |    19 |    11 |    25 |    10 ||   117
Armor: Robe              |    19 |    46 |    36 |       |       |       |       |       |       ||   101
       Skin              |       |       |       |    45 |       |       |       |       |       ||    45
       Ring mail         |       |       |       |   145 |   289 |    91 |       |       |       ||   525
       Chain mail        |       |       |       |       |    81 |   397 |   291 |   106 |       ||   875
       Shadow dragon sca |       |       |       |       |       |       |       |   278 |  1055 ||  1333
Dodge: Dodged            |   102 |   134 |   124 |   287 |   525 |   405 |   292 |   390 |  1207 ||  3466
       Repelled          |       |       |       |       |       |    21 |    61 |    65 |    90 ||   237
Block: Other             |       |       |       |       |    78 |    72 |       |       |       ||   150
       Reflection        |       |       |       |       |     7 |    44 |    55 |    72 |    75 ||   253
       Buckler           |       |       |       |       |       |   401 |   428 |   592 |   688 ||  2109
       Kite shield       |       |       |       |       |       |       |       |       |  1850 ||  1850
